AoeStats
← BenitoKmelo

Arena

504390740Analyzed
4v4 RM · 26d ago on Sep 5, 2026· 38m 52s· 8 players
Game mode
Random Map
Map size
Large (8 player)
Population
200
Speed
Normal
Resources
Standard
Victory
Conquest
Starting age
Dark Age
Ending age
Imperial Age
RankedLock teamsTeams togetherTeam positionsShared explorationLock speedFull tech treeHidden civsTurbo modeCheats
Victory
Defeat
🇦🇷 Poles · Argentina
1146
+15
🇵🇪 Slavs · Peru
1109
+16
🇨🇱 Burgundians · Chile
1078
+18
🇦🇷 Turks · Argentina
1063
+18
🇨🇴 Teutons · Colombia
1159
-18
🇨🇴 Khmer · Colombia
1110
-17
🇲🇽 Persians · Mexico
1094
-16
🇲🇽 Muisca · Mexico
1091
-16
Ratchet2krox
11:36 Feudal Age
13:30 Double-Bit Axe
13:37 Loom
16:15 Castle Age
14:26 Forging
14:56 Horse Collar
15:57 Gold Mining
17:09 Squires
21:39 Scale Mail Armor
24:54 Chain Mail Armor
29:39 Iron Casting
BenitoKmelo
10:50 Feudal Age
11:55 Loom
14:53 Castle Age
13:04 Horse Collar
13:43 Double-Bit Axe
14:22 Gold Mining
17:39 Scale Barding Armor
17:48 Pikeman
23:45 Bloodlines
26:39 Scale Barding Armor
27:21 Husbandry
30:31 Chain Barding Armor
30:34 Forging
32:36 Iron Casting
33:10 Bow Saw
33:01 Heavy Plow
34:54 Gold Shaft Mining
38:50 Wheelbarrow
41:12 Imperial Age
Zombie
9:47 Loom
11:44 Feudal Age
16:27 Castle Age
15:13 Double-Bit Axe
15:36 Horse Collar
17:43 Bow Saw
19:53 Horse Collar
24:22 Heavy Plow
28:08 Wheelbarrow
32:44 Imperial Age
30:08 Light Cavalry
32:29 Bloodlines
32:19 Husbandry
32:47 Hand Cart
hargir
2:15 Loom
10:56 Feudal Age
15:19 Castle Age
13:59 Double-Bit Axe
20:47 Sanctity
22:09 Bow Saw
34:28 Imperial Age
32:04 Horse Collar
32:23 Pikeman
33:33 Scale Mail Armor
34:37 Wheelbarrow
34:04 Padded Archer Armor
34:07 Heavy Plow
34:54 Chain Mail Armor
35:17 Leather Archer Armor
34:34 Halberdier
38:00 Chemistry
GERMANICO7222
7:43 Double-Bit Axe
9:52 Loom
10:46 Wheelbarrow
10:16 Horse Collar
12:32 Feudal Age
11:46 Gold Mining
15:00 Heavy Plow
15:23 Bow Saw
19:51 Castle Age
18:52 Gold Shaft Mining
20:20 Hand Cart
20:55 Scale Mail Armor
23:35 Scale Barding Armor
24:52 Squires
24:37 Arson
24:56 Husbandry
24:17 Cavalier
27:57 Forging
28:40 Chain Barding Armor
28:54 Arson
30:46 Iron Casting
30:27 Chain Mail Armor
JuaNCaBj
9:25 Loom
11:11 Feudal Age
15:31 Castle Age
13:36 Stone Mining
14:38 Double-Bit Axe
14:42 Horse Collar
17:28 Bow Saw
17:20 Heavy Plow
25:00 Wheelbarrow
26:19 Hand Cart
30:36 Imperial Age
28:04 Gold Mining
28:51 Stone Shaft Mining
30:52 Forging
30:38 Capped Ram
30:42 Elite Obuch
31:44 Conscription
31:48 Squires
31:35 Arson
33:19 Iron Casting
34:56 Scale Mail Armor
35:59 Blast Furnace
35:55 Crop Rotation
37:12 Chain Mail Armor
36:33 Siege Ram
39:46 Hoardings
Azom
2:35 Loom
10:45 Feudal Age
16:21 Castle Age
14:51 Double-Bit Axe
14:56 Horse Collar
17:00 Forging
18:15 Bow Saw
18:18 Heavy Plow
19:17 Light Cavalry
23:19 Husbandry
23:54 Scale Barding Armor
24:36 Bloodlines
28:16 Gold Mining
31:31 Imperial Age
29:38 Wheelbarrow
30:25 Iron Casting
32:29 Ballistics
31:36 Heavy Scorpion
32:40 Scale Mail Armor
32:02 Pikeman
32:43 Squires
33:29 Siege Engineers
34:52 Gold Shaft Mining
35:14 Chain Mail Armor
37:00 Chemistry
37:22 Hand Cart
37:18 Fortified Wall
37:08 Stone Mining
36:56 Halberdier
37:40 Town Watch
38:39 Masonry
leamm89
12:04 Feudal Age
16:17 Castle Age
14:09 Double-Bit Axe
14:06 Horse Collar
14:18 Gold Mining
16:25 Loom
21:53 Imperial Age
31:36 Padded Archer Armor
Connection lost

Rejoining the realm…

Still unreachable

The connection could not be restored.

Session expired

The server has moved on; the page needs a fresh start.